 Dungeon Sprint DCSS version 0.31-a0-920-g28cbb04a8c (webtiles) character file.

Game seed: 17296498199478399756

2860 sircluck the Grappler (level 9, -9/105 HPs)
             Began as a Troll Berserker on Oct 17, 2023.
             Was a High Priest of Trog.
             Mangled by a lindwurm (25 damage)
             ... in the Dungeon (Sprint VII: "The Pits").
             The game lasted 00:01:49 (932 turns).

sircluck the Grappler (Troll Berserker)              Turns: 932, Time: 00:01:50

Health: -9/105     AC:  4    Str: 31    XL:     9   Next: 47%
Magic:  8/8        EV:  1    Int:  6    God:    Trog [*****.]
Gold:   0          SH:  0    Dex:  9    Spells: 8/8 levels left

rFire   . .          .
                       - Unarmed
rCold   . . .        (no shield)
rNeg    . . .        a - +0 animal skin
rPois   .            (helmet restricted)
rElec   .            (no cloak)
rCorr   .            (gloves unavailable)
SInv    .            (boots unavailable)
Will    .....        (no amulet)
Stlth   +            l - +3 ring of evasion
HPRegen 1.17/turn    k - +3 ring of intelligence
MPRegen 0.11/turn

%: no teleportation
@: sleeping
A: large, unfitting armour, claws 3, regeneration 1, shaggy fur 1, tough skin 1
a: Renounce Religion, Berserk, Trog's Hand, Brothers in Arms


You were in the Dungeon.
You worshipped Trog.
Trog was extremely pleased with you.
You visited 1 branch

Inventory:

Armour
 a - a +0 animal skin (worn)
Jewellery
 k - a +3 ring of intelligence (right claw)
 l - a +3 ring of evasion (left claw)
Scrolls
 g - a scroll of blinking
 i - 2 scrolls of vulnerability
 j - a scroll of butterflies
Potions
 b - 6 potions of curing
 c - 14 potions of heal wounds
 d - 4 potions of haste
 e - 4 potions of magic
 f - 3 potions of berserk rage
 h - 2 potions of invisibility


   Skills:
 + Level 11.2 Fighting
 + Level 11.1 Dodging
 + Level 13.1 Unarmed Combat


You had 8 spell levels left.
You didn't know any spells.
Your spell library was empty.

Dungeon Overview and Level Annotations

Branches:
Dungeon (1/1)

Altars:
Ashenzari
Cheibriados
Dithmenos
Elyvilon
Fedhas
Gozag
Hepliaklqana
Kikubaaqudgha
Makhleb
Nemelex Xobeh
Okawaru
Qazlal
Ru
Sif Muna
Trog
Uskayaw
Vehumet
Wu Jian
Xom
Yredelemnul
Zin
The Shining One
Jiyva
Lugonu


Innate Abilities, Weirdness & Mutations

You are too large for most types of armour.
You have claws for hands.
Your natural rate of healing is unusually fast.
You are covered in fur. (AC +1)
You have tough skin. (AC +1)


Message History

A dream sheep comes into view.
The dream sheep bites you! The dream sheep misses you.
You mangle the dream sheep!!
You kill the dream sheep!
Trog accepts your kill.
The dream sheep bites you but does no damage.
A kobold comes into view. It is wielding a +0 whip.
The lindwurm breathes flames at you. The blast of flame hits you!!
Your Unarmed Combat skill increases to level 13!
You barely miss the dream sheep. You closely miss the dream sheep.
The lindwurm breathes flames at you. The blast of flame hits you!!
The dream sheep bites you. The dream sheep closely misses you.
A dream sheep comes into view.
You completely miss the lindwurm.
The dream sheep bleats!
You hear a shout!
The lindwurm bites you but does no damage.
The lindwurm claws you! The lindwurm misses you. The dream sheep bites you!
You barely miss the lindwurm. You claw the lindwurm!
The lindwurm is moderately wounded.
The lindwurm barely misses you. x3
You claw the lindwurm!
The lindwurm is heavily wounded.
Unknown command.
Your iron troll goes berserk!
The dream sheep bites you. The lindwurm bites you!
* * * LOW HITPOINT WARNING * * *
The lindwurm misses you.
The lindwurm claws you but does no damage.
Unknown command.
Unknown command.
You scratch the lindwurm.
The lindwurm is heavily wounded.
The dream sheep closely misses you.
The dream sheep are wreathed in dream dust.
You feel drowsy...
You fall asleep.
The lindwurm bites you!!
You die...

......##..)†..#...
......##..#†..#..
......##.÷#...#.#
########..#####.+
########.......†#
.#!.[[##........#
.#..[[###)###.T.#
.'..))##..).+...#+###...
.#..))##....#...@kYYK...
.#..))##....#...YYY.....
########################


You could see a lindwurm, 5 dream sheep, a kobold and a friendly iron troll
(summoned, berserk).

Vanquished Creatures
  A necromancer (D)
  A komodo dragon (D)
  A tarantella (D)
  A snapping turtle (D)
  A dream sheep (D)
  A jumping spider (D)
  A flying skull (D)
  A spriggan (D)
  A fire bat (D)
  3 yaks (D)
  2 orc warriors (D)
  A sky beast (D)
  A black bear (D)
  A necrophage (D)
  2 orc priests (D)
  An orc wizard (D)
  A gnoll (D)
  A river rat (D)
  A white imp (D)
  An ufetubus (D)
  3 orcs (D)
  A bat skeleton (D)
  An endoplasm (D)
  A giant cockroach (D)
  2 hobgoblins (D)
  4 jackals (D)
  2 quokkas (D)
  2 ball pythons (D)
  2 ball python simulacra (D)
  A ball python zombie (D)
  A bat (D)
  3 frilled lizards (D)
  A giant cockroach zombie (D)
48 creatures vanquished.

Notes
Turn   | Place    | Note
-------+----------+-------------------------------------------
     0 | D        | sircluck the Troll Berserker began the quest for the Orb.
     0 | D        | Reached XP level 1. HP: 22/22 MP: 0/0
    13 | D        | Noticed a spriggan
    16 | D        | Killed a spriggan
    17 | D        | Reached skill level 5 in Fighting
    17 | D        | Reached skill level 5 in Dodging
    17 | D        | Reached skill level 6 in Unarmed Combat
    17 | D        | Reached XP level 2. HP: 29/35 MP: 1/1
    17 | D        | Reached XP level 3. HP: 35/42 MP: 2/2
    17 | D        | Reached XP level 4. HP: 42/50 MP: 3/3
    17 | D        | Reached XP level 5. HP: 49/58 MP: 4/4
    50 | D        | Noticed a yak
    51 | D        | Noticed a yak
    69 | D        | Noticed a yak
    74 | D        | Killed a yak
    74 | D        | Reached ** piety under Trog
    75 | D        | Reached skill level 8 in Unarmed Combat
    75 | D        | Reached XP level 6. HP: 36/68 MP: 5/5
    79 | D        | Killed a yak
    81 | D        | Killed a yak
    82 | D        | Reached skill level 9 in Unarmed Combat
    82 | D        | Reached XP level 7. HP: 48/80 MP: 6/6
   117 | D        | Found a bloodstained altar of Trog.
   117 | D        | Found a shimmering blue altar of Sif Muna.
   117 | D        | Found a viscous altar of Jiyva.
   117 | D        | Found a hazy altar of Hepliaklqana.
   117 | D        | Found an opulent altar of Gozag.
   118 | D        | Found a glowing golden altar of the Shining One.
   118 | D        | Found a glowing silver altar of Zin.
   118 | D        | Found a basalt altar of Yredelemnul.
   118 | D        | Found a shimmering altar of Xom.
   118 | D        | Found an ornate altar of the Wu Jian Council.
   118 | D        | Found a sacrificial altar of Ru.
   118 | D        | Found a stormy altar of Qazlal.
   118 | D        | Found an iron altar of Okawaru.
   118 | D        | Found a sparkling altar of Nemelex Xobeh.
   118 | D        | Found a burning altar of Makhleb.
   118 | D        | Found a blossoming altar of Fedhas.
   118 | D        | Found a white marble altar of Elyvilon.
   118 | D        | Found a shadowy altar of Dithmenos.
   118 | D        | Found a snail-covered altar of Cheibriados.
   121 | D        | Found a corrupted altar of Lugonu.
   121 | D        | Found a radiant altar of Vehumet.
   122 | D        | Found an ancient bone altar of Kikubaaqudgha.
   122 | D        | Found a hide-covered altar of Uskayaw.
   122 | D        | Found a broken altar of Ashenzari.
   163 | D        | Reached *** piety under Trog
   179 | D        | Reached **** piety under Trog
   189 | D        | Reached ***** piety under Trog
   253 | D        | Reached skill level 10 in Unarmed Combat
   253 | D        | Received a gift from Trog
   269 | D        | Noticed a fire bat
   282 | D        | Killed a fire bat
   337 | D        | Reached XP level 8. HP: 86/92 MP: 7/7
   344 | D        | Reached ****** piety under Trog
   348 | D        | Received a gift from Trog
   417 | D        | Noticed a tarantella
   417 | D        | Noticed a jumping spider
   422 | D        | Killed a jumping spider
   423 | D        | Reached skill level 11 in Unarmed Combat
   424 | D        | Killed a tarantella
   641 | D        | Noticed a snapping turtle
   654 | D        | Killed a snapping turtle
   655 | D        | Reached skill level 10 in Fighting
   655 | D        | Reached skill level 10 in Dodging
   808 | D        | Noticed a flying skull
   817 | D        | Killed a flying skull
   818 | D        | Reached skill level 12 in Unarmed Combat
   820 | D        | Identified the +2 halberd of Wolooh {heavy, rC+ Will+
                  | Str+3} (Trog gifted it to you in the Dungeon)
   820 | D        | Received a gift from Trog
   821 | D        | Reached XP level 9. HP: 79/102 MP: 8/8
   846 | D        | Noticed a komodo dragon
   846 | D        | Noticed a necromancer
   850 | D        | Killed a komodo dragon
   856 | D        | Killed a necromancer
   858 | D        | Received a gift from Trog
   918 | D        | Noticed a lindwurm
   925 | D        | Reached skill level 13 in Unarmed Combat
   932 | D        | Mangled by a lindwurm

Illustrated notes

Levels and vault maps discovered:
D:        pitsprint [storerooms_1, entrance_room_1, metal_vault_8, armoury_1,
          mini_pit_1, grid_room_1, main_hall_1, silver_pit, the_coven_1,
          the_vestibule_1, steel_vault_3, golden_pit, hallway_of_sentries,
          crystal_vault_6, iron_vault_4, final_vault]

Skill      XL: |  1  2  3  4  5  6  7  8  9 |
---------------+----------------------------+-----
Fighting       | 5 6 8 9 10 11 | 11.2
Dodging        | 5 6 7 8 10 11 | 11.1
Unarmed Combat | 6 8 9 10 12 13 | 13.1

Action                     |  1- 3 |  4- 6 |  7- 9 || total
---------------------------+-------+-------+-------++-------
  Melee: Unarmed           |     3 |    13 |   108 ||   124
         Punch             |       |       |     9 ||     9
 Invoke: Berserk           |     1 |       |     3 ||     4
         Brothers in Arms  |       |       |     1 ||     1
 Armour: Animal skin       |     1 |     8 |    57 ||    66
  Dodge: Dodged            |       |     2 |    75 ||    77

Table legend: (Time is in decaauts)
 A = Elapsed time spent in this place.
 B = Non-inter-level travel time spent in this place.
 C = Inter-level travel time spent in this place.
 D = Time resting spent in this place.
 E = Time spent auto-exploring this place.
 F = Levels seen in this place.
 G = Mean time per level.
                   A        B        C        D        E       F      G
               +--------+--------+--------+--------+--------+-----+--------+
         Total |    947 |    947 |      0 |    394 |    261 |   1 |  947.0 |
       Dungeon |    947 |    947 |      0 |    394 |    261 |   1 |  947.0 |
               +--------+--------+--------+--------+--------+-----+--------+

Top non-repeatable levels by time:
       D: 947 daAuts
